Map: Abyssal Reef LE

Players

moving

  • Race: Zerg Zerg
  • League: Diamond
  • Spawn Location: 5:00

Horiken - Winner!

  • Race: Terran Terran
  • League: Diamond
  • Spawn Location: 11:00

VOD

Have the link to the VOD?

Description

Time

  • Played on: Oct. 22, 2017, 8:38 a.m.
  • Length: 10:01
Show
View Real Time Build Order
Export as new Build Order

moving Zerg 

Build Orders: Hatch First 

Get SALT Encoding   

  12  0:01  Drone  
  13  0:12  Overlord  
  13  0:16  Drone  
  14  0:31  Drone x2  
  14  0:34  Drone  
  17  0:53  Hatchery  
  17  0:56  Drone  
  17  0:59  Drone  
  18  1:10  Extractor  
  17  1:14  Spawning Pool  
  17  1:18  Drone  
  17  1:20  Drone  
  18  1:28  Drone  
  19  1:39  Overlord  
  19  1:56  Drone  
  20  2:02  Zergling x2  
  20  2:03  Queen  
  20  2:05  Zergling x2  
  20  2:07  Queen  
  26  2:13  Drone  
  27  2:16  Drone  
  27  2:17  Metabolic Boost  
  27  2:22  Drone  
  29  2:35  Drone x2  
  31  2:40  Drone  
  31  2:44  Drone  
  32  2:55  Queen  
  34  3:03  Overlord  
  34  3:07  Hatchery  
  34  3:11  Drone  
  34  3:12  Drone  
  35  3:18  Pneumatized Carapace  
  35  3:20  Overlord  
  35  3:22  Drone x2  
  37  3:29  Drone x3  
  41  3:41  Drone x2  
  41  3:42  Drone x3  
  45  3:56  Baneling Nest  
  45  3:59  Evolution Chamber  
  45  4:02  Evolution Chamber  
  42  4:04  Drone x5  
  42  4:08  Extractor, Zergling x2  
  42  4:09  Zergling x4  
  49  4:19  Overlord  
  49  4:20  Overlord x2  
  49  4:41  Lair  
  49  4:42  Spore Crawler  
  49  4:45  Spore Crawler  
  47  4:49  Spore Crawler  
  47  4:50  Drone x7  
  47  4:51  Drone x3, Spore Crawler  
  55  5:04  Zergling x2  
  55  5:05  Zergling x12  
  62  5:17  Baneling x6  
  62  5:18  Baneling x2  
  62  5:19  Zergling x8  
  62  5:20  Zergling x2  
  67  5:32  Zerg Ground Armor Level 1, Zerg Melee Weapons Level 1  
  61  5:47  Drone  
  61  5:48  Drone x5  
  64  5:52  Burrow  
  62  6:05  Overseer  
  62  6:14  Drone x9  
  62  6:16  Extractor  
  62  6:17  Extractor x2  
  67  6:23  Drone  
  67  6:36  Drone x3  
  68  6:43  Spore Crawler  
  68  6:44  Drone x3  
  68  6:45  Drone x3  
  73  6:51  Overseer  
  73  6:54  Drone x2, Hatchery  
  73  6:56  Extractor  
  73  6:57  Overlord  
  73  6:58  Overlord x5, Hydralisk Den  
  72  7:12  Overlord x3  
  72  7:16  Hatchery  
  72  7:18  Overseer  
  71  7:29  Zergling x2  
  73  7:30  Zergling x12  
  73  7:34  Drone  
  73  7:36  Drone x2  
  73  7:37  Drone, Zerg Melee Weapons Level 2  
  82  7:39  Zerg Ground Armor Level 2  
  82  7:41  Muscular Augments  
  82  7:55  Zergling x4  
  82  7:56  Zergling x14  
  82  7:57  Baneling x4  
  82  7:58  Baneling x10  
  90  8:00  Zergling x2  
  86  8:07  Spine Crawler  
  86  8:08  Spine Crawler, Zergling x2  
  86  8:09  Zergling x14  
  92  8:15  Zergling x2  
  92  8:16  Zergling x8  
  89  8:29  Baneling  
  89  8:30  Baneling x20  
  89  8:31  Zergling x2, Baneling  
  89  8:32  Zergling x6  
  93  8:40  Zergling x2  
  93  8:41  Zergling x12  
  84  8:53  Zergling x16  
  84  8:54  Zergling x2  
  81  8:56  Baneling x2  
  81  8:59  Zergling x4  
  81  9:02  Baneling  
  80  9:03  Baneling x10  
  77  9:13  Hydralisk  
  77  9:14  Hydralisk  
  77  9:23  Zergling x2  
  77  9:24  Zergling x10  
  79  9:34  Zergling x2  
  79  9:35  Zergling x8  
Show
View Real Time Build Order
Export as new Build Order

Horiken Terran - Winner!

Build Orders: Reaper Expand, Hellion Banshee 

Get SALT Encoding   

  12  0:02  SCV  
  13  0:14  SCV  
  13  0:18  Supply Depot  
  14  0:27  SCV  
  15  0:40  SCV  
  15  0:41  Barracks  
  16  0:46  Refinery  
  16  0:52  SCV  
  17  1:04  SCV  
  18  1:16  SCV  
  19  1:29  Orbital Command  
  19  1:30  Reaper  
  20  1:47  Command Center  
  20  1:55  SCV  
  20  1:59  Supply Depot  
  21  2:07  Barracks Reactor, SCV  
  22  2:11  Refinery  
  22  2:19  SCV  
  23  2:23  Factory  
  23  2:33  SCV  
  24  2:44  Marine x2  
  24  2:45  SCV  
  27  2:57  SCV  
  28  2:58  Orbital Command  
  27  3:18  Hellion x2  
  27  3:19  SCV  
  32  3:20  Barracks Tech Lab  
  32  3:26  Starport  
  33  3:27  SCV  
  33  3:34  SCV  
  33  3:40  Hellion x2  
  38  3:42  Supply Depot, SCV  
  38  3:48  SCV  
  40  4:00  SCV  
  40  4:01  Hellion x2  
  45  4:04  SCV  
  46  4:10  Supply Depot  
  46  4:16  SCV  
  47  4:17  SCV  
  47  4:18  Cloaking Field, Banshee  
  47  4:23  Barracks Tech Lab  
  51  4:25  Hellion, Armory  
  51  4:28  SCV  
  54  4:32  Hellion, Supply Depot, SCV  
  57  4:46  SCV x2  
  59  4:53  Factory  
  59  4:54  Refinery  
  59  4:55  Refinery  
  59  4:58  Supply Depot, SCV  
  60  5:05  SCV  
  61  5:09  Hellion  
  61  5:10  Hellion, SCV  
  61  5:12  Viking  
  68  5:17  SCV  
  68  5:20  Supply Depot  
  69  5:22  SCV, Terran Vehicle Weapons Level 1, Barracks Tech Lab  
  70  5:34  SCV x2  
  66  5:46  SCV x2  
  66  5:49  Thor, Hellion x2  
  70  5:53  Factory  
  70  6:00  Banshee  
  70  6:03  Supply Depot  
  73  6:07  Supply Depot  
  73  6:17  Hellion x2  
  77  6:20  Infernal Pre-Igniter  
  77  6:33  Thor  
  83  6:41  Thor  
  83  6:44  Supply Depot, SCV  
  83  6:45  Supply Depot  
  90  6:51  Hellion x2  
  94  6:56  Banshee  
  97  7:19  Thor, Hellion x2  
  107  7:24  Terran Vehicle And Ship Armor Level 1  
  107  7:40  Hellion x2  
  111  7:45  Banshee  
  113  7:58  Thor  
  113  8:02  Hellion  
  118  8:14  Supply Depot  
  118  8:15  Supply Depot  
  118  8:24  Hellion  
  118  8:25  Thor  
  113  8:28  Banshee  
  116  8:38  Hellion  
  102  9:02  Hellion x2  
  100  9:12  Hellion x2  
  100  9:25  Hellion x2  
Tags
 
Add a new tag
Caveats
  • Supply blocks, unpowered buildings, or Contaminate may cause inaccurate times.
  • Supply counts are checked every 10 seconds.